| TOP OF THE 1ST |
|
South Bend Cubs batting - Pitching for Peoria Chiefs : RHP Bryan Banana
|
|
Pitching: RHP Bryan Banana
|
|
|
Batting: RHB Jason Ostrom
|
0-0: Ball 1-0: Hit by Pitch
|
|
Batting: LHB Bill Tardiff
|
0-0: Called Strike 0-1: Ball 1-1: Ball 2-1: Foul Ball, location: 2F 2-2: Strikes out swinging
|
|
Batting: RHB Mike Savage
|
0-0: Called Strike 0-1: Ball 1-1: Called Strike 1-2: Ball 2-2: Foul Ball, location: 2F 2-2: Fly out, F9 (Flyball, 89S, EV 98.1 MPH)
|
|
Batting: LHB Shuan-yan Wu
|
0-0: Called Strike Jason Ostrom steals 2nd, throwing error, E2 Jason Ostrom to third 0-1: Ball Wild Pitch! Jason Ostrom scores 1-1: Foul Ball, location: 2F 1-2: Strikes out looking
|
| Top of the 1st over - 1 run, 0 hits, 1 error, 0 left on base; South Bend 1 - Peoria 0 |
| BOTTOM OF THE 1ST |
|
Peoria Chiefs batting - Pitching for South Bend Cubs : RHP Daniel Sullivan
|
|
Pitching: RHP Daniel Sullivan
|
|
|
Batting: SHB Bobby O'Leary
|
0-0: Ball 1-0: Ball 2-0: Called Strike 2-1: Ball 3-1: Foul Ball, location: 2F 3-2: Ground out 4-3 (Groundball, 4, EV 93.1 MPH)
|
|
Batting: RHB Dan Boykins
|
0-0: Ball 1-0: Ball 2-0: Called Strike 2-1: Foul Ball, location: 2F 2-2: Foul Ball, location: 2F 2-2: Ball 3-2: Base on Balls
|
|
Batting: LHB Jayden Thomas
|
0-0: Foul Ball, location: 2F 0-1: Foul Ball, location: 2F 0-2: Ball 1-2: Strikes out swinging
|
|
Batting: RHB Travis Leonard
|
0-0: Ball 1-0: Ball 2-0: Ball 3-0: Base on Balls Dan Boykins to second
|
|
Pitching: RHP Devin Ward
|
|
|
Batting: RHB Josh Martin
|
0-0: Ball 1-0: Swinging Strike 1-1: Ball 2-1: Ball 3-1: Base on Balls Dan Boykins to third Travis Leonard to second
|
|
Batting: RHB Chris Simmons
|
0-0: Called Strike 0-1: Foul Ball, location: 2F 0-2: Ball 1-2: Ball 2-2: Ball 3-2: Foul Ball, location: 2F 3-2: Base on Balls Dan Boykins scores Travis Leonard to third Josh Martin to second
|
|
Batting: RHB Justin Reich
|
0-0: Ball 1-0: Foul Ball, location: 2F 1-1: Ball 2-1: Foul Ball, location: 2F 2-2: SINGLE (Line Drive, 89S, EV 92.5 MPH) Travis Leonard scores Josh Martin to third Chris Simmons to second Runner from 3rd tries for Home, throw by RF and OUT! 9-2
|
| Bottom of the 1st over - 2 runs, 1 hit, 0 errors, 2 left on base; South Bend 1 - Peoria 2 |
| TOP OF THE 2ND |
|
South Bend Cubs batting - Pitching for Peoria Chiefs : RHP Bryan Banana
|
|
Batting: SHB Benoît Morin
|
0-0: Ball 1-0: Swinging Strike 1-1: Called Strike 1-2: Ball 2-2: Ball 3-2: Strikes out swinging, 2-3 out at first.
|
|
Batting: LHB Andy Bordeaux
|
0-0: Called Strike 0-1: Foul Ball, location: 2F 0-2: Ball 1-2: Strikes out looking
|
|
Batting: LHB Jim Polson
|
0-0: Swinging Strike 0-1: Swinging Strike 0-2: Foul Ball, location: 2F 0-2: Strikes out looking
|
| Top of the 2nd over - 0 runs, 0 hits, 0 errors, 0 left on base; South Bend 1 - Peoria 2 |
| BOTTOM OF THE 2ND |
|
Peoria Chiefs batting - Pitching for South Bend Cubs : RHP Devin Ward
|
|
Batting: RHB Francisco Vargas
|
0-0: Ball 1-0: Foul Ball, location: 2F 1-1: Ball 2-1: Ball 3-1: Swinging Strike 3-2: Base on Balls
|
|
Pitching: RHP Josh Deyo
|
|
|
Batting: RHB Perry Huse
|
0-0: Ball 1-0: SINGLE (Line Drive, 6D, EV 97.5 MPH) Francisco Vargas to second
|
|
Batting: SHB Bobby O'Leary
|
0-0: Called Strike 0-1: Ball 1-1: DOUBLE (Line Drive, 78D, EV 106.9 MPH) Francisco Vargas scores Perry Huse to third
|
|
Batting: RHB Dan Boykins
|
0-0: Called Strike 0-1: SINGLE (Flyball, 34D, EV 95.0 MPH) - OUT at second base trying to stretch hit. Perry Huse scores Bobby O'Leary scores
|
|
Batting: LHB Jayden Thomas
|
0-0: Ball 1-0: Ball 2-0: Foul Ball, location: 2F 2-1: Ball 3-1: Base on Balls
|
|
Batting: RHB Travis Leonard
|
0-0: Ball 1-0: Called Strike 1-1: Ball 2-1: Ball 3-1: Base on Balls Jayden Thomas to second
|
|
Batting: RHB Josh Martin
|
0-0: Foul Ball, location: 2F 0-1: Ball 1-1: Ball 2-1: Called Strike 2-2: Strikes out swinging
|
|
Pitching: LHP Nate George
|
|
|
Batting: RHB Chris Simmons
|
0-0: Called Strike 0-1: Ball 1-1: Ball 2-1: SINGLE (Groundball, 56D, EV 99.4 MPH) Jayden Thomas to third Travis Leonard to second Runner from 3rd tries for Home, SAFE, throw by LF to home
|
|
Batting: RHB Justin Reich
|
0-0: Swinging Strike 0-1: Ball 1-1: Ball 2-1: SINGLE (Groundball, 34D, EV 110.6 MPH) Travis Leonard to third Chris Simmons to second Runner from 3rd tries for Home, SAFE, throw by RF to home
|
|
Batting: RHB Francisco Vargas
|
0-0: Called Strike 0-1: Ball 1-1: Ball 2-1: SINGLE (Flyball, 89S, EV 86.9 MPH) Chris Simmons to third Justin Reich to second Runner from 3rd tries for Home, SAFE, throw by RF to home
|
|
Batting: RHB Perry Huse
|
0-0: Foul Ball, location: 2F 0-1: Ball 1-1: Called Strike 1-2: Foul Ball, location: 2F 1-2: Ball 2-2: Ball 3-2: Foul Ball, location: 2F 3-2: Foul Ball, location: 2F 3-2: SINGLE (Groundball, 6D, EV 101.9 MPH) Justin Reich to third Francisco Vargas to second Justin Reich scores Francisco Vargas to third
|
|
Pitching: LHP Jose Carrillo
|
|
|
Batting: SHB Bobby O'Leary
|
0-0: Ball 1-0: Ball 2-0: Foul Ball, location: 2F 2-1: Called Strike 2-2: Strikes out looking
|
| Bottom of the 2nd over - 7 runs, 7 hits, 0 errors, 2 left on base; South Bend 1 - Peoria 9 |
| TOP OF THE 3RD |
|
South Bend Cubs batting - Pitching for Peoria Chiefs : RHP Bryan Banana
|
|
Batting: RHB Omar Novoa
|
0-0: Ground out 4-3 (Groundball, 4, EV 85.6 MPH)
|
|
Batting: SHB Alvaro Andrade
|
0-0: Ball 1-0: Fly out, F6 (Line Drive, 4M, EV 90.0 MPH)
|
|
Batting: RHB Jason Ostrom
|
0-0: Ball 1-0: Called Strike 1-1: Ball 2-1: Called Strike 2-2: Strikes out swinging
|
| Top of the 3rd over - 0 runs, 0 hits, 0 errors, 0 left on base; South Bend 1 - Peoria 9 |
| BOTTOM OF THE 3RD |
|
Peoria Chiefs batting - Pitching for South Bend Cubs : LHP Jose Carrillo
|
|
Batting: RHB Dan Boykins
|
0-0: Ball 1-0: Ball 2-0: Ball 3-0: Base on Balls
|
|
Batting: LHB Jayden Thomas
|
0-0: Foul Ball, location: 2F 0-1: Ball 1-1: Ball 2-1: Ball 3-1: Called Strike 3-2: Strikes out swinging
|
|
Batting: RHB Travis Leonard
|
0-0: Called Strike 0-1: Foul Ball, location: 2F 0-2: Ball 1-2: Ball 2-2: Foul Ball, location: 2F 2-2: Foul Ball, location: 2F 2-2: Strikes out swinging
|
|
Pitching: RHP Jason Scott
|
|
|
Batting: RHB Josh Martin
|
0-0: Ball 1-0: SINGLE (Groundball, 6MD, EV 106.2 MPH) Dan Boykins to second
|
|
Batting: RHB Chris Simmons
|
0-0: Called Strike 0-1: Hit by Pitch Dan Boykins to third Josh Martin to second
|
|
Batting: RHB Justin Reich
|
0-0: Ball 1-0: Foul Ball, location: 2F 1-1: Foul Ball, location: 2F 1-2: Foul Ball, location: 2F 1-2: SINGLE (Line Drive, 34, EV 108.8 MPH) Dan Boykins scores Josh Martin to third Chris Simmons to second Runner from 3rd tries for Home, SAFE, throw by RF to home
|
|
Batting: RHB Francisco Vargas
|
0-0: Fly out, F4 (Line Drive, 4, EV 68.1 MPH)
|
| Bottom of the 3rd over - 2 runs, 2 hits, 0 errors, 2 left on base; South Bend 1 - Peoria 11 |
| TOP OF THE 4TH |
|
South Bend Cubs batting - Pitching for Peoria Chiefs : RHP Bryan Banana
|
|
Batting: LHB Bill Tardiff
|
0-0: Called Strike 0-1: Called Strike 0-2: Strikes out swinging
|
|
Batting: RHB Mike Savage
|
0-0: Called Strike 0-1: Ball 1-1: Foul Ball, location: 2F 1-2: Ball 2-2: Strikes out swinging
|
|
Batting: LHB Shuan-yan Wu
|
0-0: Called Strike 0-1: Ball 1-1: Ball 2-1: Ball 3-1: Foul Ball, location: 2F 3-2: Base on Balls
|
|
Batting: SHB Benoît Morin
|
0-0: Called Strike 0-1: Ball 1-1: Ball 2-1: Foul Ball, location: 2F 2-2: Foul Ball, location: 2F 2-2: Foul Ball, location: 2F 2-2: Foul Ball, location: 2F 2-2: Ball 3-2: Foul Ball, location: 2F 3-2: Foul Ball, location: 2F 3-2: Strikes out looking
|
| Top of the 4th over - 0 runs, 0 hits, 0 errors, 1 left on base; South Bend 1 - Peoria 11 |
| BOTTOM OF THE 4TH |
|
Peoria Chiefs batting - Pitching for South Bend Cubs : RHP Jason Scott
|
|
Batting: RHB Perry Huse
|
0-0: Called Strike 0-1: DOUBLE (Line Drive, 5D, EV 95.0 MPH)
|
|
Batting: SHB Bobby O'Leary
|
0-0: Ball 1-0: SINGLE (Line Drive, 7S, EV 89.4 MPH) Perry Huse to third
|
|
Batting: RHB Dan Boykins
|
0-0: Ball 1-0: Foul Ball, location: 2F 1-1: Fly out, F4 (Popup, 4M, EV 66.2 MPH)
|
|
Batting: LHB Jayden Thomas
|
0-0: Called Strike 0-1: Swinging Strike 0-2: Ball 1-2: Ball 2-2: Foul Ball, location: 2F 2-2: Ball 3-2: Base on Balls Bobby O'Leary to second
|
|
Pitching: RHP Eric Allen
|
|
|
Batting: RHB Travis Leonard
|
0-0: Called Strike 0-1: SINGLE (Flyball, 3D, EV 92.5 MPH) Perry Huse scores Bobby O'Leary to third Jayden Thomas to second
|
|
Batting: RHB Josh Martin
|
0-0: Ball 1-0: Foul Ball, location: 2F 1-1: Swinging Strike 1-2: Strikes out looking
|
|
Batting: RHB Chris Simmons
|
0-0: Ball 1-0: Fly out, F7 (Flyball, 7LS, EV 98.8 MPH)
|
| Bottom of the 4th over - 1 run, 3 hits, 0 errors, 3 left on base; South Bend 1 - Peoria 12 |
| TOP OF THE 5TH |
|
South Bend Cubs batting - Pitching for Peoria Chiefs : RHP Bryan Banana
|
|
Batting: LHB Andy Bordeaux
|
0-0: Called Strike 0-1: Ball 1-1: Foul Ball, location: 2F 1-2: Strikes out swinging
|
|
Batting: LHB Jim Polson
|
0-0: Swinging Strike 0-1: Ball 1-1: Ball 2-1: Ball 3-1: SINGLE (Groundball, 4D, EV 97.5 MPH)
|
|
Batting: RHB Omar Novoa
|
0-0: Swinging Strike 0-1: Ball 1-1: Ball 2-1: Fielders Choice at 2nd, 5-4 (Groundball, 56, EV 83.1 MPH)
|
|
Batting: SHB Alvaro Andrade
|
0-0: Ball 1-0: Ball 2-0: Foul Ball, location: 2F 2-1: Called Strike 2-2: Strikes out swinging
|
| Top of the 5th over - 0 runs, 1 hit, 0 errors, 1 left on base; South Bend 1 - Peoria 12 |
| BOTTOM OF THE 5TH |
|
Peoria Chiefs batting - Pitching for South Bend Cubs : RHP Eric Allen
|
|
Batting: RHB Justin Reich
|
0-0: Swinging Strike 0-1: Foul Ball, location: 2F 0-2: Ball 1-2: Ball 2-2: DOUBLE (Line Drive, 78D, EV 103.8 MPH)
|
|
Batting: RHB Francisco Vargas
|
0-0: TRIPLE (Flyball, 89XD, EV 99.4 MPH) Justin Reich scores
|
|
Batting: RHB Perry Huse
|
0-0: Ball 1-0: Called Strike 1-1: Ball 2-1: Ball 3-1: Base on Balls
|
|
Pitching: RHP Jean-Paul Lefebvre
|
|
|
Batting: SHB Bobby O'Leary
|
0-0: Ball 1-0: Foul Ball, location: 2F 1-1: SINGLE (Groundball, 4M, EV 103.8 MPH) (infield hit) Francisco Vargas scores Perry Huse to second
|
|
Batting: RHB Dan Boykins
|
0-0: Called Strike 0-1: Ball 1-1: Ball 2-1: Ball 3-1: Base on Balls Perry Huse to third Bobby O'Leary to second
|
|
Batting: LHB Jayden Thomas
|
0-0: Called Strike 0-1: Ball 1-1: Foul Ball, location: 2F 1-2: Strikes out swinging
|
|
Batting: RHB Travis Leonard
|
0-0: Ball 1-0: DOUBLE (Groundball, 5L, EV 97.5 MPH) Perry Huse scores Bobby O'Leary scores Dan Boykins to third
|
|
Batting: RHB Josh Martin
|
0-0: SINGLE (Flyball, 6MD, EV 99.4 MPH) Dan Boykins scores Travis Leonard to third
|
|
Batting: RHB Chris Simmons
|
0-0: Ball 1-0: Ball 2-0: Ball 3-0: Base on Balls Josh Martin to second
|
|
Pitching: LHP Mike DiNardo
|
|
|
Batting: RHB Justin Reich
|
0-0: Ball 1-0: Ball 2-0: Ball 3-0: Called Strike 3-1: Base on Balls Travis Leonard scores Josh Martin to third Chris Simmons to second
|
|
Batting: RHB Francisco Vargas
|
0-0: Grounds into double play, 5-4-3 (Groundball, 56, EV 80.0 MPH)
|
| Bottom of the 5th over - 6 runs, 5 hits, 0 errors, 2 left on base; South Bend 1 - Peoria 18 |
| TOP OF THE 6TH |
|
South Bend Cubs batting - Pitching for Peoria Chiefs : RHP Bryan Banana
|
|
Batting: RHB Jason Ostrom
|
0-0: Ball 1-0: Called Strike 1-1: Foul Ball, location: 2F 1-2: Ball 2-2: Ball 3-2: Foul Ball, location: 2F 3-2: Foul Ball, location: 2F 3-2: SOLO HOME RUN (Flyball, 78XD, EV 97.5 MPH), Distance : 384 ft
|
|
Pitching: RHP John Larimore
|
|
|
Batting: LHB Bill Tardiff
|
0-0: Called Strike 0-1: Swinging Strike 0-2: Ball 1-2: Ball 2-2: Foul Ball, location: 2F 2-2: Strikes out looking
|
|
Batting: RHB Mike Savage
|
0-0: Ball 1-0: Foul Ball, location: 2F 1-1: Ball 2-1: Ball 3-1: Base on Balls
|
|
Batting: LHB Shuan-yan Wu
|
0-0: Ball Mike Savage steals 2nd base (no throw) 1-0: Fly out, F7 (Line Drive, 7D, EV 98.8 MPH) Runner from 2nd tags up, SAFE at 3rd, no throw by LF
|
|
Batting: SHB Benoît Morin
|
0-0: Ball 1-0: Foul Ball, location: 2F 1-1: Called Strike 1-2: Strikes out swinging
|
| Top of the 6th over - 1 run, 1 hit, 0 errors, 1 left on base; South Bend 2 - Peoria 18 |
| BOTTOM OF THE 6TH |
|
Peoria Chiefs batting - Pitching for South Bend Cubs : LHP Mike DiNardo
|
|
Batting: RHB Perry Huse
|
0-0: Ball 1-0: Called Strike 1-1: Called Strike 1-2: Foul Ball, location: 2F 1-2: Foul Ball, location: 2F 1-2: Ball 2-2: Fly out, F9 (Flyball, 9, EV 89.4 MPH)
|
|
Batting: SHB Bobby O'Leary
|
0-0: Ball 1-0: Ball 2-0: Called Strike 2-1: Reached on error, E5 (Groundball, 5S, EV 85.6 MPH)
|
|
Batting: RHB Dan Boykins
|
0-0: Called Strike 0-1: Ball 1-1: Swinging Strike 1-2: Ball 2-2: Foul Ball, location: 2F 2-2: DOUBLE (Line Drive, 7LM, EV 103.8 MPH) Bobby O'Leary scores
|
|
Pitching: RHP John Madden
|
|
|
Batting: LHB Jayden Thomas
|
0-0: Ball 1-0: Called Strike 1-1: Swinging Strike Passed Ball! Dan Boykins to third 1-2: Ball 2-2: Ground out 6-3 (Groundball, 6, EV 105.6 MPH) Dan Boykins scores
|
|
Batting: RHB Travis Leonard
|
0-0: Ball 1-0: Ball 2-0: Ball 3-0: Base on Balls
|
|
Batting: RHB Josh Martin
|
0-0: Foul Ball, location: 2F 0-1: Ball 1-1: Foul Ball, location: 2F 1-2: Ball 2-2: Ball 3-2: Base on Balls Travis Leonard to second
|
|
Batting: RHB Chris Simmons
|
0-0: Ball 1-0: Swinging Strike 1-1: Foul Ball, location: 2F 1-2: Foul Ball, location: 2F 1-2: Ball 2-2: SINGLE (Groundball, 6D, EV 93.8 MPH) Travis Leonard to third Josh Martin to second Runner from 3rd tries for Home, SAFE, throw by CF to home
|
|
Batting: RHB Justin Reich
|
0-0: Called Strike 0-1: Ball 1-1: Foul Ball, location: 2F 1-2: Ball 2-2: Fly out, F8 (Line Drive, 8RD, EV 91.9 MPH)
|
| Bottom of the 6th over - 3 runs, 2 hits, 1 error, 2 left on base; South Bend 2 - Peoria 21 |
| TOP OF THE 7TH |
|
South Bend Cubs batting - Pitching for Peoria Chiefs : RHP John Larimore
|
|
Batting: LHB Andy Bordeaux
|
0-0: Called Strike 0-1: Foul Ball, location: 2F 0-2: Ball 1-2: Strikes out looking
|
|
Batting: LHB Jim Polson
|
0-0: Foul Ball, location: 2F 0-1: Foul Ball, location: 2F 0-2: Foul Ball, location: 2F 0-2: Ground out 1-3 (Groundball, 13, EV 68.8 MPH)
|
|
Batting: RHB Omar Novoa
|
0-0: Foul Ball, location: 2F 0-1: Called Strike 0-2: Ball 1-2: Strikes out looking
|
| Top of the 7th over - 0 runs, 0 hits, 0 errors, 0 left on base; South Bend 2 - Peoria 21 |
| BOTTOM OF THE 7TH |
|
Peoria Chiefs batting - Pitching for South Bend Cubs : RHP John Madden
|
|
Batting: RHB Francisco Vargas
|
0-0: Called Strike 0-1: Swinging Strike 0-2: Ball 1-2: Ball 2-2: Ball 3-2: Base on Balls
|
|
Batting: RHB Perry Huse
|
0-0: Called Strike 0-1: Ball 1-1: Foul Ball, location: 2F 1-2: Ball 2-2: Foul Ball, location: 2F 2-2: Foul Ball, location: 2F 2-2: Ball 3-2: Foul Ball, location: 2F 3-2: Base on Balls Francisco Vargas to second
|
|
Batting: SHB Bobby O'Leary
|
0-0: Ball 1-0: Ball 2-0: Ball 3-0: Base on Balls Francisco Vargas to third Perry Huse to second
|
|
Batting: RHB Dan Boykins
|
0-0: Ball 1-0: Ball 2-0: Called Strike 2-1: Ball 3-1: Foul Ball, location: 2F 3-2: SINGLE (Line Drive, 3D, EV 96.2 MPH) Francisco Vargas scores Perry Huse to third Bobby O'Leary to second
|
|
Batting: LHB Jayden Thomas
|
0-0: Called Strike 0-1: Fly out, F8 (Flyball, 8RD, EV 95.6 MPH) Runner from 3rd tags up, OUT at HOME! 8-2 Bobby O'Leary to third Dan Boykins to second
|
|
Pinch Hitting: LHB Ken Compton
|
0-0: Called Strike 0-1: Ground out 1-3 (Groundball, 13S, EV 71.2 MPH)
|
| Bottom of the 7th over - 1 run, 1 hit, 0 errors, 2 left on base; South Bend 2 - Peoria 22 |
| TOP OF THE 8TH |
|
South Bend Cubs batting - Pitching for Peoria Chiefs : RHP John Larimore
|
|
Now in CF: Ken Compton
|
|
|
Batting: SHB Alvaro Andrade
|
0-0: Ball 1-0: Called Strike 1-1: Ball 2-1: Ground out U3 (Groundball, 3S, EV 88.1 MPH)
|
|
Batting: RHB Jason Ostrom
|
0-0: Fly out, F8 (Flyball, 78M, EV 90.0 MPH)
|
|
Batting: LHB Bill Tardiff
|
0-0: Ball 1-0: Ball 2-0: Called Strike 2-1: Called Strike 2-2: Strikes out swinging, 2-3 out at first.
|
| Top of the 8th over - 0 runs, 0 hits, 0 errors, 0 left on base; South Bend 2 - Peoria 22 |
| BOTTOM OF THE 8TH |
|
Peoria Chiefs batting - Pitching for South Bend Cubs : RHP John Madden
|
|
Batting: RHB Josh Martin
|
0-0: Foul Ball, location: 2F 0-1: Called Strike 0-2: Foul Ball, location: 2F 0-2: Ball 1-2: Foul Ball, location: 2F 1-2: TRIPLE (Flyball, 7D, EV 95.0 MPH)
|
|
Batting: RHB Chris Simmons
|
0-0: Ball 1-0: Ball 2-0: 2-RUN HOME RUN (Flyball, 7D, EV 96.9 MPH), Distance : 373 ft
|
|
Batting: RHB Justin Reich
|
0-0: Ball 1-0: Ball 2-0: Ball 3-0: Called Strike 3-1: Base on Balls
|
|
Batting: RHB Francisco Vargas
|
0-0: Called Strike 0-1: Ball 1-1: Foul Ball, location: 2F 1-2: Fielders Choice at 2nd, 1-4 (Groundball, P, EV 63.1 MPH)
|
|
Batting: RHB Perry Huse
|
0-0: Foul Ball, location: 2F 0-1: Ball 1-1: Ball 2-1: Swinging Strike 2-2: Foul Ball, location: 2F 2-2: Strikes out swinging
|
|
Batting: SHB Bobby O'Leary
|
0-0: Ball 1-0: Foul Ball, location: 2F 1-1: Called Strike 1-2: Foul Ball, location: 2F 1-2: Ball 2-2: 2-RUN HOME RUN (Flyball, 9D, EV 94.4 MPH), Distance : 360 ft
|
|
Batting: RHB Dan Boykins
|
0-0: Ball 1-0: Ground out 6-3 (Groundball, 56, EV 97.5 MPH)
|
| Bottom of the 8th over - 4 runs, 3 hits, 0 errors, 0 left on base; South Bend 2 - Peoria 26 |
| TOP OF THE 9TH |
|
South Bend Cubs batting - Pitching for Peoria Chiefs : RHP John Larimore
|
|
Pitching: LHP Kai Klindt
|
|
|
Batting: RHB Mike Savage
|
0-0: Foul Ball, location: 2F 0-1: Called Strike 0-2: Strikes out looking
|
|
Batting: LHB Shuan-yan Wu
|
0-0: Ball 1-0: Ground out 4-3 (Groundball, 4, EV 96.9 MPH)
|
|
Batting: SHB Benoît Morin
|
0-0: Ball 1-0: Ball 2-0: Ball 3-0: Called Strike 3-1: Foul Ball, location: 2F 3-2: Strikes out swinging
|
| Top of the 9th over - 0 runs, 0 hits, 0 errors, 0 left on base; South Bend 2 - Peoria 26 |
|